 Dungeon Crawl Stone Soup version 0.21-a0-401-g0b6bec4 (webtiles) character file.

17 tidbits the Charmwright (level 2, 23/26 HPs)
             Began as a Gnoll Skald on Oct 22, 2017.
             Quit the game on level 1 of the Dungeon.
             The game lasted 00:03:15 (513 turns).

tidbits the Charmwright (Gnoll Skald)                Turns: 513, Time: 00:03:15

Health: 23/26      AC:  5    Str: 13    XL:     2   Next: 62%
Magic:  7/7        EV: 12    Int: 15    God:
Gold:   17         SH:  0    Dex: 14    Spells: 5/10 levels left

rFire    . . .     SeeInvis .   a - +0 hand axe
rCold    . . .     Gourm    .   (no shield)
rNeg     . . .     Faith    .   f - +0 ring mail
rPois    .         Spirit   .   (no helmet)
rElec    .         Reflect  .   k - scarf {cloud immunity}
rCorr    .         Harm     .   (no gloves)
MR       .....                  (no boots)
Stlth    +.........             (no amulet)
HPRegen  0.08/turn              W - ring of wizardry
MPRegen  0.10/turn              (no ring)

@: no status effects
A: distributed training, fangs 1, strong nose
a: no special abilities


You were on level 1 of the Dungeon.
You were not hungry.

You visited 1 branch of the dungeon, and saw 2 of its levels.

You collected 17 gold pieces.

Inventory:

Hand Weapons
 a - a +0 hand axe (weapon)
 j - a +4 vampiric whip
   (You took it off a kobold on level 1 of the Dungeon)
Missiles
 h - 49 stones (quivered)
 p - 6 arrows
Armour
 b - a +0 leather armour
 f - a +0 ring mail (worn)
 k - a scarf of cloud immunity (worn)
   (You found it on level 2 of the Dungeon)
Jewellery
 W - a ring of wizardry (left hand)
   (You found it on level 1 of the Dungeon)
Scrolls
 m - 3 scrolls of identify {unknown}
 o - a scroll of blinking {unknown}
Potions
 e - a potion of haste {unknown}
 g - a potion of heal wounds {unknown}
 n - a potion of curing {unknown}
Books
 c - a book of Battle

   Spells                             Type                      Level
   a - Infusion                       Charms                       1
   b - Shroud of Golubria             Charms/Translocation         2
   c - Song of Slaying                Charms                       2
   d - Spectral Weapon                Hexes/Charms                 3
   e - Regeneration                   Charms/Necromancy            3
Comestibles
 d - 2 bread rations
 i - a meat ration
 l - 3 fruits


   Skills:
 + Level 4.5 Fighting
 + Level 0.4 Short Blades
 + Level 0.4 Long Blades
 + Level 4.5 Axes
 + Level 0.4 Maces & Flails
 + Level 0.4 Polearms
 + Level 0.4 Staves
 + Level 0.4 Slings
 + Level 0.4 Bows
 + Level 0.4 Crossbows
 + Level 0.4 Throwing
 + Level 2.5 Armour
 + Level 4.5 Dodging
 + Level 0.4 Stealth
 + Level 0.4 Shields
 + Level 0.4 Unarmed Combat
 + Level 4.9 Spellcasting
 + Level 0.2 Conjurations
 + Level 0.2 Hexes
 + Level 5.3 Charms
 + Level 0.2 Summonings
 + Level 0.2 Necromancy
 + Level 0.2 Translocations
 + Level 0.2 Transmutations
 + Level 0.2 Fire Magic
 + Level 0.2 Ice Magic
 + Level 0.2 Air Magic
 + Level 0.2 Earth Magic
 + Level 0.2 Poison Magic
 + Level 0.5 Invocations
 + Level 0.4 Evocations


You had 5 spell levels left.
You knew the following spells:

 Your Spells              Type           Power        Failure   Level  Hunger
g - Shroud of Golubria    Chrm/Tloc      ##........   6%          2    ##.....
i - Infusion              Chrm           ###.         1%          1    None
y - Song of Slaying       Chrm           ###.....     2%          2    ##.....


Dungeon Overview and Level Annotations

Branches:
Dungeon (2/15)

Altars:


Innate Abilities, Weirdness & Mutations

Your experience applies equally to all skills.
You have very sharp teeth.
Your uncanny sense of smell can sniff out nearby items.


Message History

You closely miss the hobgoblin.
The hobgoblin is heavily wounded.
The hobgoblin barely misses you.
You hit the hobgoblin!
You kill the hobgoblin!
m - a scroll labeled JOQENO ANOAL You open the door.
Found a fizzy coppery potion.
There is an open door here.
You see here a fizzy coppery potion.
n - a fizzy coppery potion A kobold comes into view.
It is wielding a short sword.
Your magical infusion is running out.
The kobold shouts!
Found a scroll labeled JOQENO ANOAL.
The kobold barely misses you.
There is an open door here.
You hit the kobold.
You kill the kobold!
You are no longer magically infusing your attacks.
Things that are here:
a short sword; a kobold corpse
There is an open door here.
You see here a scroll labeled JOQENO ANOAL.
m - 2 scrolls labeled JOQENO ANOAL (gained 1)
A jackal comes into view.
The jackal barks!
A jackal and a goblin come into view.
The jackal barks!
The goblin shouts!
You hear a shout!
Casting: Infusion
Confirm with . or Enter, or press ? or * to list all spells.
You start singing a song of slaying.
The jackal bites you but does no damage.
You barely miss the jackal.
The jackal bites you but does no damage.
You barely miss the jackal. The jackal bites you.
You slash the jackal!
You kill the jackal!
A goblin comes into view.
You closely miss the jackal. The jackal barely misses you.
The jackal bites you but does no damage.
You hit the jackal.
The jackal is almost dead.
You closely miss the goblin. The goblin hits you with a club.
The jackal bites you but does no damage.
You closely miss the jackal.
The jackal is almost dead.
You completely miss the goblin. The jackal barely misses you.
The goblin hits you with a club. The jackal barely misses you.
You hit the jackal.
You kill the jackal!
You hit the goblin. The goblin hits you with a club.
* * * LOW HITPOINT WARNING * * *
The goblin closely misses you.
Things that are here:
a jackal corpse x2
You hit the goblin.
You kill the goblin!
You hit the goblin.
You kill the goblin!
You see here a goblin corpse.
Found a scroll labeled JOQENO ANOAL.
Found a scroll labeled SOPPILL TEKO.
Found 25 stones.
You see here a scroll labeled JOQENO ANOAL.
m - 3 scrolls labeled JOQENO ANOAL (gained 1)
You hear a shout!
You see here a scroll labeled SOPPILL TEKO.
o - a scroll labeled SOPPILL TEKO A goblin comes into view.
It is wielding a club.
The goblin shouts!
Your song is almost over.
The goblin hits you with a club.
You hit the goblin.
You kill the goblin!
You hear a shout!
Found 4 gold pieces.
Your song has ended.
Found 6 arrows.
You see here 25 stones.
h - 49 stones (gained 25)
A goblin comes into view. It is wielding a club.
You see here 6 arrows.
p - 6 arrows
Casting: Song of Slaying
Confirm with . or Enter, or press ? or * to list all spells.
You begin infusing your attacks with magical energy.
You hit the goblin!
You kill the goblin!
You see here 4 gold pieces.
You now have 12 gold pieces (gained 4).
Your magical infusion is running out.
You see here 5 gold pieces.
You now have 17 gold pieces (gained 5).
You are no longer magically infusing your attacks.
You see here 12 stones.
Found a ring mail.
Found 13 bolts.
You see here a ring mail.
Are you sure you want to abandon this character and quit the game? (Confirm with "yes".)

### ### #.#
#.############.#
#@[............##.
#.................
.(.........######.##.
#.###.####### #..#.
### ####..#. #.......
#.#..... ############
♣♣♣♣♣♣♣♣ ##.#...#.
#..........#..♣......♣
#........


There were no monsters in sight!

Vanquished Creatures
  A leopard gecko (D:1)
  4 goblins (D:1)
  2 hobgoblins (D:1)
  2 jackals (D:1)
  A ball python (D:2)
  3 kobolds (D:1)
  2 rats (D:1)
15 creatures vanquished.

Notes
Turn   | Place    | Note
-------+----------+-------------------------------------------
     0 | D:1      | tidbits the Gnoll Skald began the quest for the Orb.
     0 | D:1      | Reached XP level 1. HP: 20/20 MP: 6/6
   319 | D:1      | Reached XP level 2. HP: 23/26 MP: 5/7
   323 | D:1      | Learned a level 2 spell: Song of Slaying
   326 | D:1      | Learned a level 2 spell: Shroud of Golubria
   513 | D:1      | Quit the game

Vault maps used:
D:1:      minmay_arrival_widening_spiral_narrow, kennysheep_small_spiral
D:2:      evilmike_ruin_ashenzari, lightli_temple_of_fire,
          nicolae_tso_swordbearing_angel

Action                   || total
-------------------------++-------
Melee: Hand axe          ||    35
       Bite              ||     3
 Cast: Infusion          ||     5
       Song of Slaying   ||     1
Armor: Ring mail         ||     9
Dodge: Dodged            ||    12

Table legend:
 A = Spawn XP
 B = Non-spawn XP
 C = Spawn XP percentage of total XP
 D = Spawn monster count
 E = Non-spawn monster count
 F = Spawn count percentage of total count
 G = Total turns spent on level
                    A         B        C        D         E        F      G
               +---------+---------+-------+---------+---------+-------+---------
         Total |       0 |      25 |   0.0 |       0 |      15 |   0.0 |   513
               +---------+---------+-------+---------+---------+-------+---------
           D:1 |       0 |      24 |   0.0 |       0 |      14 |   0.0 |   503
           D:2 |       0 |       1 |   0.0 |       0 |       1 |   0.0 |    10
               +---------+---------+-------+---------+---------+-------+---------

Table legend:
 A = Turns spent in this place as a percentage of turns spent in the entire game.
 B = Non-inter-level travel turns spent in this place as a percentage of non-inter-level travel turns spent in the entire game.
 C = Inter-level travel turns spent in this place as a percentage of turns spent in this place.
 D = Turns resting spent in this place as a percentage of non-inter-level travel turns spent in this place.
 E = Turns spent auto-exploring this place as a percentage of non-inter-level travel turns spent in this place.
 F = Non-inter-level travel turns spent in this place divided by the number of levels of this place that you've seen.
                   A       B       C       D       E      F
               +-------+-------+-------+-------+-------+----------------------
         Total | 100.0 | 100.0 |   3.7 |   0.0 |   0.0 | 247.0
       Dungeon | 100.0 | 100.0 |   3.7 |   0.0 |   0.0 | 247.0
               +-------+-------+-------+-------+-------+----------------------

Table legend:
 A = Kills in this place as a percentage of kills in entire the game.
 B = Kills by you in this place as a percentage of kills by you in the entire game.
 C = Kills by friends in this place as a percentage of kills by friends in the entire game.
 D = Other kills in this place as a percentage of other kills in the entire game.
 E = Experience gained in this place as a percentage of experience gained in the entire game.
 F = Experience gained in this place divided by the number of levels of this place that you have seen.
                   A       B       C       D       E      F
               +-------+-------+-------+-------+-------+----------------------
         Total | 100.0 | 100.0 |   N/A |   N/A | 100.0 |  12.5
       Dungeon | 100.0 | 100.0 |   N/A |   N/A | 100.0 |  12.5
               +-------+-------+-------+-------+-------+----------------------

Vault maps used:
D:1:      minmay_arrival_widening_spiral_narrow, kennysheep_small_spiral
D:2:      evilmike_ruin_ashenzari, lightli_temple_of_fire,
          nicolae_tso_swordbearing_angel
